 Dungeon Crawl Stone Soup version 0.28-a0-909-g796cbd3a86 (webtiles) character file.

Game seed: 495272681313507651

268 BinkBink the Archer (level 6, -1/50 HPs)
             Began as a Gnoll Hunter on Nov 24, 2021.
             Slain by a scorpion zombie (4 damage)
             ... on level 4 of the Dungeon.
             The game lasted 00:05:07 (3156 turns).

BinkBink the Archer (Gnoll Hunter)                  Turns: 3156, Time: 00:05:08

Health: -1/50      AC:  3    Str: 13    XL:     6   Next: 21%
Magic:  8/8        EV: 13    Int: 11    God:
Gold:   110        SH:  0    Dex: 12    Spells: 8/8 levels left

rFire   . . .      SeeInvis +   b - +0 short sword
rCold   . . .      Faith    .   (no shield)
rNeg    . . .      Spirit   .   c - +0 leather armour
rPois   .          Reflect  .   (no helmet)
rElec   .          Harm     .   (no cloak)
rCorr   .          Rampage  .   (no gloves)
Will    .....                   (no boots)
Stlth   ++........              (no amulet)
HPRegen 0.16/turn               e - ring of see invisible
MPRegen 0.11/turn               (no ring)

@: no status effects
A: fangs 1, strong nose, distributed training
a: no special abilities


You were on level 4 of the Dungeon.
You visited 1 branch of the dungeon, and saw 4 of its levels.

You collected 110 gold pieces.

Inventory:

Hand Weapons
 a - a +1 shortbow
 b - a +0 short sword (weapon)
Missiles
 k - a throwing net (quivered)
 p - 5 arrows
Armour
 c - a +0 leather armour (worn)
Jewellery
 e - a ring of see invisible (left hand)
Wands
 l - a wand of mindburst (15)
 m - a wand of polymorph (5)
Scrolls
 f - 2 scrolls of acquirement {unknown}
 g - 4 scrolls of identify {unknown}
 h - a scroll of fog {unknown}
 i - a scroll of summoning {unknown}
 j - 3 scrolls of holy word {unknown}
 q - a scroll of brand weapon {unknown}
 r - 2 scrolls of fear {unknown}
 u - a scroll of teleportation {unknown}
Potions
 d - a potion of heal wounds {unknown}
 n - a potion of curing {unknown}
 o - a potion of degeneration {unknown}
 s - a potion of resistance {unknown}
 t - a potion of attraction {unknown}


   Skills:
 + Level 4.9 Fighting
 + Level 1.8 Short Blades
 + Level 1.8 Long Blades
 + Level 1.8 Axes
 + Level 1.8 Maces & Flails
 + Level 1.8 Polearms
 + Level 1.8 Staves
 + Level 1.8 Slings
 + Level 8.7 Bows
 + Level 1.8 Crossbows
 + Level 1.8 Throwing
 + Level 1.8 Armour
 + Level 4.9 Dodging
 + Level 3.0 Stealth
 + Level 1.8 Shields
 + Level 1.8 Unarmed Combat
 + Level 1.8 Spellcasting
 + Level 1.4 Conjurations
 + Level 1.4 Hexes
 + Level 1.4 Summonings
 + Level 1.4 Necromancy
 + Level 1.4 Translocations
 + Level 1.4 Transmutations
 + Level 1.4 Fire Magic
 + Level 1.4 Ice Magic
 + Level 1.4 Air Magic
 + Level 1.4 Earth Magic
 + Level 1.4 Poison Magic
 + Level 2.0 Invocations
 + Level 1.8 Evocations


You had 8 spell levels left.
You didn't know any spells.
Your spell library contained the following spells:

 Spells                   Type           Power      Damage    Failure   Level
 Shock                    Conj/Air       16%        1d4       21%         1
 Swiftness                Air            4%         N/A       52%         3
 Airstrike                Air            2%         N/A       90%         4


Dungeon Overview and Level Annotations

Branches:
Dungeon (4/15)
 Temple: D:4-7

Altars:

Shops:
D:1 [


Innate Abilities, Weirdness & Mutations

You have very sharp teeth.
Your uncanny sense of smell can sniff out nearby items.
Your experience applies equally to all skills.


Message History

The scorpion zombie is severely damaged.
The scorpion zombie barely misses you.
You hit the scorpion zombie but do no damage.
The scorpion zombie is severely damaged.
The scorpion zombie barely misses you.
You hit the scorpion zombie. Your bite misses the scorpion zombie.
The scorpion zombie is severely damaged.
The scorpion zombie barely misses you.
You hit the scorpion zombie but do no damage.
The scorpion zombie is severely damaged.
The scorpion zombie barely misses you.
You hit the scorpion zombie but do no damage.
The scorpion zombie is severely damaged.
The scorpion zombie hits you.
* * * LOW HITPOINT WARNING * * *
You barely miss the scorpion zombie.
The scorpion zombie is severely damaged.
The scorpion zombie completely misses you.
You hit the scorpion zombie.
The scorpion zombie is severely damaged.
The scorpion zombie barely misses you.
You hit the scorpion zombie.
The scorpion zombie is severely damaged.
The scorpion zombie barely misses you.
You hit the scorpion zombie but do no damage.
The scorpion zombie is severely damaged.
The scorpion zombie closely misses you.
You hit the scorpion zombie.
The scorpion zombie is almost destroyed.
The scorpion zombie hits you.
* * * LOW HITPOINT WARNING * * *
You hit the scorpion zombie.
You bite the scorpion zombie, but do no damage.
The scorpion zombie is almost destroyed.
The scorpion zombie hits you.
* * * LOW HITPOINT WARNING * * *
You hit the scorpion zombie but do no damage.
The scorpion zombie is almost destroyed.
The scorpion zombie hits you.
You die...

# ##..P≈........ #
####............. #
#............. #
#............. .
#..............)#
..
#...............#
...
#...............+
#...............#
#....Z@.........#
#...............#..
#.....†..........PZ
#...............P≈≈
#####'####.......≈≈
#........#.......≈≈
#........#......P.≈
#........#......PP.
#........#......#..


You could see a scorpion zombie.

Vanquished Creatures
  A water moccasin zombie (D:4)
  Jessica (D:2)
  Ijyb (D:3)
  4 gnolls (D:1)
  7 adders
  3 orcs (D:3)
  7 ball pythons
  3 bats
  3 endoplasms
  2 giant cockroaches
  4 goblins
  5 hobgoblins
  6 jackals
  A quokka (D:1)
  A frilled lizard (D:2)
  4 kobolds
  5 rats
58 creatures vanquished.

Vanquished Creatures (others)
  4 toadstools (D:1)
4 creatures vanquished.

Grand Total: 62 creatures vanquished

Notes
Turn   | Place    | Note
-------+----------+-------------------------------------------
     0 | D:1      | BinkBink the Gnoll Hunter began the quest for the Orb.
     0 | D:1      | Reached XP level 1. HP: 20/20 MP: 1/1
   101 | D:1      | Reached XP level 2. HP: 26/26 MP: 2/2
   173 | D:1      | Found Nete's Armour Boutique.
   274 | D:1      | Found a faded altar of an unknown god.
   274 | D:1      | Noticed a hellwing
   549 | D:2      | Noticed Jessica
   580 | D:1      | Reached XP level 3. HP: 29/31 MP: 3/3
   586 | D:1      | Reached skill level 1 in Invocations
   721 | D:1      | Reached skill level 1 in Short Blades
   721 | D:1      | Reached skill level 1 in Long Blades
   721 | D:1      | Reached skill level 1 in Axes
   721 | D:1      | Reached skill level 1 in Maces & Flails
   721 | D:1      | Reached skill level 1 in Polearms
   721 | D:1      | Reached skill level 1 in Staves
   721 | D:1      | Reached skill level 1 in Slings
   721 | D:1      | Reached skill level 1 in Crossbows
   721 | D:1      | Reached skill level 1 in Throwing
   721 | D:1      | Reached skill level 1 in Armour
   721 | D:1      | Reached skill level 1 in Shields
   721 | D:1      | Reached skill level 1 in Unarmed Combat
   721 | D:1      | Reached skill level 1 in Spellcasting
   721 | D:1      | Reached skill level 1 in Evocations
   728 | D:1      | Reached XP level 4. HP: 25/38 MP: 5/5
  1127 | D:2      | Killed Jessica
  1128 | D:2      | Reached skill level 1 in Conjurations
  1128 | D:2      | Reached skill level 1 in Hexes
  1128 | D:2      | Reached skill level 1 in Summonings
  1128 | D:2      | Reached skill level 1 in Necromancy
  1128 | D:2      | Reached skill level 1 in Translocations
  1128 | D:2      | Reached skill level 1 in Transmutations
  1128 | D:2      | Reached skill level 1 in Fire Magic
  1128 | D:2      | Reached skill level 1 in Ice Magic
  1128 | D:2      | Reached skill level 1 in Air Magic
  1128 | D:2      | Reached skill level 1 in Earth Magic
  1128 | D:2      | Reached skill level 1 in Poison Magic
  1510 | D:3      | Noticed Ijyb
  1518 | D:3      | Killed Ijyb
  1519 | D:3      | Reached XP level 5. HP: 43/43 MP: 5/7
  3010 | D:4      | Reached XP level 6. HP: 25/50 MP: 8/8
  3156 | D:4      | Slain by a scorpion zombie

Illustrated notes

Levels and vault maps discovered:
D:1:      ldierk_walled_garden_2, layout_rooms,
          dreamdust_ecumenical_altar_sealed_demon, serial_shops, shop_statue
D:2:      layout_basic, uniq_jessica
D:3:      layout_loops_corners, uniq_ijyb
D:4:      layout_gridville, lemuel_tele_altar, yredelemnul_altar_generic,
          serial_undead, serial_undead_e, serial_undead_c, serial_undead_f,
          serial_undead_f, gammafunk_ghost_grave

Skill      XL: |  1  2  3  4  5 |
---------------+----------------+-----
Invocations    | 1 2 |  2.0
Short Blades   | 1 |  1.8
Long Blades    | 1 |  1.8
Axes           | 1 |  1.8
Maces & Flails | 1 |  1.8
Polearms       | 1 |  1.8
Staves         | 1 |  1.8
Slings         | 1 |  1.8
Crossbows      | 1 |  1.8
Throwing       | 1 |  1.8
Armour         | 1 |  1.8
Shields        | 1 |  1.8
Unarmed Combat | 1 |  1.8
Spellcasting   | 1 |  1.8
Evocations     | 1 |  1.8
Conjurations   | 1 |  1.4
Hexes          | 1 |  1.4
Summonings     | 1 |  1.4
Necromancy     | 1 |  1.4
Translocations | 1 |  1.4
Transmutations | 1 |  1.4
Fire Magic     | 1 |  1.4
Ice Magic      | 1 |  1.4
Air Magic      | 1 |  1.4
Earth Magic    | 1 |  1.4
Poison Magic   | 1 |  1.4
Stealth        | 3 |  3.0
Fighting       | |  4.9
Bows           | |  8.7
Dodging        | |  4.9

Action                   |  1- 3 |  4- 6 || total
-------------------------+-------+-------++-------
Melee: Short sword       |       |   145 ||   145
       Bite              |       |    12 ||    12
 Fire: Shortbow          |    67 |    51 ||   118
 Stab: Sleeping          |       |     2 ||     2
Armor: Leather armour    |     8 |    18 ||    26
Dodge: Dodged            |    18 |   116 ||   134

Table legend: (Time is in decaauts)
 A = Elapsed time spent in this place.
 B = Non-inter-level travel time spent in this place.
 C = Inter-level travel time spent in this place.
 D = Time resting spent in this place.
 E = Time spent auto-exploring this place.
 F = Levels seen in this place.
 G = Mean time per level.
                   A        B        C        D        E       F      G
               +--------+--------+--------+--------+--------+-----+--------+
         Total |   3150 |   3060 |     90 |      0 |   2550 |   4 |  787.5 |
       Dungeon |   3150 |   3060 |     90 |      0 |   2550 |   4 |  787.5 |
               +--------+--------+--------+--------+--------+-----+--------+

Top non-repeatable levels by time:
     D:3: 1449 daAuts
     D:1: 859 daAuts
     D:2: 635 daAuts
     D:4: 207 daAuts
